 Dungeon Crawl Stone Soup version 0.27.1-33-g824d729ab1 (webtiles) character file.

Game seed: 15035313012402053016

22 demibob the Slasher (level 2, 24/25 HPs)
             Began as a Minotaur Gladiator on Dec 8, 2021.
             Was a Follower of Sif Muna.
             Quit the game on level 2 of the Dungeon.
             The game lasted 00:00:49 (906 turns).

demibob the Slasher (Minotaur Gladiator)             Turns: 906, Time: 00:00:50

Health: 24/25      AC:  4    Str: 18    XL:     2   Next: 68%
Magic:  1/1        EV: 12    Int:  5    God:    Sif Muna [*.....]
Gold:   62         SH:  0    Dex: 11    Spells: 1/1 levels left

rFire    . . .     SeeInvis +   a - +0 long sword
rCold    + . .     Faith    .   (no shield)
rNeg     . . .     Spirit   .   b - +0 leather armour
rPois    .         Reflect  .   c - +1 hat
rElec    .         Harm     .   (no cloak)
rCorr    .         Rampage  .   (no gloves)
Will     .....                  (no boots)
Stlth    +.........             (no amulet)
HPRegen  0.08/turn              v - ring of see invisible
MPRegen  0.07/turn              C - ring of protection from cold

@: no status effects
A: horns 2, retaliatory headbutt
a: Renounce Religion, Channel Magic


You were on level 2 of the Dungeon.
You worshipped Sif Muna.
Sif Muna was aware of your devotion.
You visited 1 branch of the dungeon, and saw 2 of its levels.

You collected 62 gold pieces.


Innate Abilities, Weirdness & Mutations

You have a pair of horns on your head.
You reflexively headbutt those who attack you in melee.


   Skills:
 - Level 2.4 Fighting
 + Level 4.9 Long Blades
 - Level 2.0 Throwing
 - Level 3.2 Dodging


You had one spell level left.
You didn't know any spells.
Your spell library contained the following spells:

 Spells                   Type           Power      Damage    Failure   Level
 Corona                   Hex            0%         N/A       54%         1
 Ensorcelled Hibernation  Hex/Ice        0%         N/A       67%         2
 Tukima's Dance           Hex            0%         N/A       88%         3

Inventory:

Hand Weapons
 a - a +0 long sword (weapon)
Missiles
 d - 3 throwing nets (quivered) {=f}
Armour
 b - a +0 leather armour (worn)
 c - a +1 hat (worn)
Jewellery
 v - a ring of see invisible (left hand)
 C - a ring of protection from cold (right hand)
Potions
 h - a potion of haste {@q3}

Dungeon Overview and Level Annotations

Branches:
Dungeon (2/15)

Altars:
Sif Muna

###########
#.........#
#.###.###.##
######.##...##..##
.......#.....#...##
#..............§..###
#.###.........§.@§..#
..# #..........§§§#.#
### #........##.§##.#
#.......##.... .
#.#.##.###..###
..#.#### #..# ####.#
#..# #..# #..


There were no monsters in sight!


Message History

Found a ring mail.
Found a faded altar of an unknown god.
A bat comes into view.
The bat moves out of view.
The bat hits you but does no damage.
You hit the bat but do no damage. The bat barely misses you.
You riposte.
You closely miss the bat. The bat barely misses you. The bat barely misses you.
You furiously retaliate!
You headbutt the bat.
You kill the bat!
No target in view!
No target in view!
A frilled lizard comes into view.
The frilled lizard hisses angrily.
You completely miss the frilled lizard. The frilled lizard barely misses you.
You barely miss the frilled lizard. The frilled lizard bites you.
You closely miss the frilled lizard. You headbutt the frilled lizard.
You kill the frilled lizard!
A quokka comes into view.
The quokka closely misses you.
You riposte.
You hit the quokka.
The quokka is heavily wounded.
You see here a +0 ring mail.
You slash the quokka!
You kill the quokka!
No target in view!
There is a faded altar of an unknown god here.
You cannot tell which god this altar belongs to.
Convert to them anyway?
Sif Muna accepts your prayer! Sif Muna welcomes you!
You can now call upon Sif Muna for magical energy.
Are you sure you want to abandon this character and quit the game? (Confirm with "yes".)

Skill      XL: |  1 |
---------------+----+-----
Long Blades    | 4 |  4.9
Fighting       | |  2.4
Throwing       | |  2.0
Dodging        | |  3.2

Action                   || total
-------------------------++-------
Melee: Long sword        ||    30
       Headbutt          ||     3
  Use: Scroll            ||     3
Armor: Leather armour    ||    14
Dodge: Dodged            ||    24
       Rpst.: Long sword ||     7

Levels and vault maps discovered:
D:1:      dpeg_arrival_boxorama, layout_basic, minmay_parallelograms,
          minmay_worlds_worst_comb
D:2:      layout_loops_corners, ebering_ecumenical_altar_mist

Notes
Turn   | Place    | Note
-------+----------+-------------------------------------------
     0 | D:1      | demibob the Minotaur Gladiator began the quest for the Orb.
     0 | D:1      | Reached XP level 1. HP: 18/18 MP: 0/0
   149 | D:1      | Reached skill level 4 in Long Blades
   307 | D:1      | Reached XP level 2. HP: 25/25 MP: 1/1
   886 | D:2      | Found a faded altar of an unknown god.
   905 | D:2      | Became a worshipper of Sif Muna the Loreminder
   905 | D:2      | Reached * piety under Sif Muna
   906 | D:2      | Quit the game

Vanquished Creatures
  2 endoplasms (D:1)
  2 giant cockroaches (D:1)
  A goblin (D:1)
  A hobgoblin (D:1)
  3 jackals (D:1)
  3 quokkas
  2 ball pythons (D:1)
  3 bats
  A frilled lizard (D:2)
  A rat (D:1)
19 creatures vanquished.

Table legend: (Time is in decaauts)
 A = Elapsed time spent in this place.
 B = Non-inter-level travel time spent in this place.
 C = Inter-level travel time spent in this place.
 D = Time resting spent in this place.
 E = Time spent auto-exploring this place.
 F = Levels seen in this place.
 G = Mean time per level.
                   A        B        C        D        E       F      G
               +--------+--------+--------+--------+--------+-----+--------+
         Total |    910 |    891 |     19 |      0 |    788 |   2 |  455.0 |
       Dungeon |    910 |    891 |     19 |      0 |    788 |   2 |  455.0 |
               +--------+--------+--------+--------+--------+-----+--------+

Top non-repeatable levels by time:
     D:1: 854 daAuts
     D:2: 55 daAuts

Table legend:
 A = Non-vault XP
 B = Vault XP
 C = Vault XP percentage of total XP
 D = Non-vault monster count
 E = Vault monster count
 F = Vault count percentage of total count
                 A         B        C        D         E       F
            +---------+---------+-------+---------+---------+-------
      Total |      30 |       2 |   6.2 |      18 |       1 |   5.3
            +---------+---------+-------+---------+---------+-------
        D:1 |      26 |       2 |   7.1 |      15 |       1 |   6.2
        D:2 |       4 |       0 |   0.0 |       3 |       0 |   0.0
            +---------+---------+-------+---------+---------+-------
